 Dungeon Crawl Stone Soup version 0.30.1-11-g7821555f0a (webtiles) character file.

Game seed: 12818726668819649359

115308 Amplified the Warrior (level 16, -10/142 (148) HPs)
             Began as a Demonspawn Summoner on Nov 10, 2023.
             Was the Champion of Ashenzari.
             Mangled by a +0 antimagic halberd (25 damage)
             ... on level 1 of the Elven Halls on Nov 11, 2023.
             The game lasted 01:20:56 (26842 turns).

Amplified the Warrior (Demonspawn Summoner)        Turns: 26842, Time: 01:20:57

HP:   -10/142 (148) AC:  9    Str: 13    XL:     16   Next: 18%
MP:   0/39          EV: 21    Int: 24    God:    Ashenzari [******]
Gold: 244           SH: 16    Dex: 17    Spells: 15/53 levels left

rFire   + + .        w - +1 dagger of the Ruined Disgust {elec, Self, Cun} (curse)
rCold   + + +        q - +3 buckler "Oscillating Fan" {rC+++ Dex-2 Stlth+, Comp, Alch} (curse)
rNeg    + . .        e - +0 troll leather armour of the Distant God {Regen+, Range, Melee} (curse)
rPois   +            i - +1 hat "Share My Negation" {Int+3, Melee, Elem} (curse)
rElec   +            a - scarf "I Knew You'd Do That" {rC+ rF+, Range, Evo} (curse)
rCorr   +            (gloves unavailable)
SInv    +            K - +2 pair of boots of the Shackled Fallacy {Fly, Melee, Range} (curse)
Will    ++++.        t - amulet of the Four Winds {rN+ Will+++ Clar, Self, Comp} (curse)
Stlth   ++++         r - ring "Distant Lethargy" {Dex+6, Self, Fort} (curse)
HPRegen 1.23/turn    l - ring of the Enlightened Gnosis {EV+5, Evo, Cun} (curse)
MPRegen 0.52/turn

%: clarity, guardian spirit
@: resistant, flying, lightly drained
A: large bone plates 2, magic shield, magic regeneration, condensation shield,
demonic touch 3, antennae 1
a: Renounce Religion, Shatter the Chains


You were on level 1 of the Elven Halls.
You worshipped Ashenzari.
Ashenzari was exalted by your worship.
You visited 6 branches of the dungeon, and saw 25 of its levels.
You visited the Abyss 1 time.
You also visited: Sewer, Bailey, Gauntlet and Ice Cave.

You collected 2821 gold pieces.
You spent 2577 gold pieces at shops.

Inventory:

Hand Weapons
 h - a +1 short sword of flaming
 u - a +1 bardiche of freezing
 w - the cursed +1 dagger of the Ruined Disgust (weapon) {elec, Self, Cun}
   (You took it off an orc wizard on level 4 of the Dungeon)

   It has a curse which improves the following skills: Introspection: Fighting
   and Spellcasting.
   Cunning:   Dodging and Stealth.
 y - a +2 spectral quarterstaff
Armour
 a - the cursed scarf "I Knew You'd Do That" (worn) {rC+ rF+, Range, Evo}
   (You bought it in a shop on level 2 of the Orcish Mines)

   It has a curse which improves the following skills: Ranged Combat: Ranged
   Weapons and Throwing.
   Evocations: Evocations.
 e - the cursed +0 troll leather armour of the Distant God (worn) {Regen+, Range, Melee}
   (You found it on level 10 of the Dungeon)

   Regen:     It increases your rate of health regeneration.
   It has a curse which improves the following skills: Ranged Combat: Ranged
   Weapons and Throwing.
   Melee Combat: Short Blades, Long Blades, Axes, Maces & Flails, Polearms,
   Staves and Unarmed Combat.
 f - a +2 kite shield of positive energy
 i - the cursed +1 hat "Share My Negation" (worn) {Int+3, Melee, Elem}
   (You took it off Gastronok on level 10 of the Dungeon)

   It has a curse which improves the following skills: Melee Combat: Short
   Blades, Long Blades, Axes, Maces & Flails, Polearms, Staves and Unarmed
   Combat.
   Elements:  Fire Magic, Ice Magic, Air Magic and Earth Magic.
 q - the cursed +3 buckler "Oscillating Fan" (worn) {rC+++ Dex-2 Stlth+, Comp, Alch}
   (You acquired it on level 2 of the Orcish Mines)

   Dex:       It affects your dexterity (-2).
   rC:        It renders you almost immune to cold.
   Stlth:     It makes you more stealthy.
   It has a curse which improves the following skills: Companions: Summonings
   and Necromancy.
   Alchemy:   Poison Magic and Transmutations.
 F - a +0 kite shield of cold resistance
 K - the cursed +2 pair of boots of the Shackled Fallacy (worn) {Fly, Melee, Range}
   (You found it in a bailey)

   It has a curse which improves the following skills: Melee Combat: Short
   Blades, Long Blades, Axes, Maces & Flails, Polearms, Staves and Unarmed
   Combat.
   Ranged Combat: Ranged Weapons and Throwing.
 P - a +2 robe of fire resistance
Jewellery
 l - the cursed ring of the Enlightened Gnosis (right hand) {EV+5, Evo, Cun}
   (You found it on level 6 of the Dungeon)

   [ring of evasion]

   EV:        It affects your evasion (+5).
   It has a curse which improves the following skills: Evocations: Evocations.
   Cunning:   Dodging and Stealth.
 r - the cursed ring "Distant Lethargy" (left hand) {Dex+6, Self, Fort}
   (You found it on level 6 of the Dungeon)

   [ring of dexterity]

   Dex:       It affects your dexterity (+6).
   It has a curse which improves the following skills: Introspection: Fighting
   and Spellcasting.
   Fortitude: Armour and Shields.
 t - the cursed amulet of the Four Winds (around neck) {rN+ Will+++ Clar, Self, Comp}
   (You found it in a Gauntlet)

   [amulet of nothing]

   rN:        It protects you from negative energy.
   Clar:      It protects you from confusion, rage, mesmerisation and fear.
   Will:      It greatly increases your willpower.
   It has a curse which improves the following skills: Introspection: Fighting
   and Spellcasting.
   Companions: Summonings and Necromancy.
 z - the ring of Ugozimue {Ice *Slow Str+2 SInv}
   (You took it off a white draconian in an ice cave)

   [ring of ice]

   It enhances your ice magic.
   Str:       It affects your strength (+2).
   rF:        It makes you vulnerable to fire.
   rC:        It protects you from cold.
   SInv:      It lets you see invisible.
   *Slow:     It may slow you when you take damage.
 C - the ring "Turout" {Fly rCorr Dex+2}
   (You found it in an ice cave)

   [ring of flight]

   Dex:       It affects your dexterity (+2).
   Fly:       It grants you flight.
   rCorr:     It protects you from acid and corrosion.
 I - an amulet of the acrobat
 L - a ring of poison resistance
 Q - a ring of flight
Wands
 j - a wand of polymorph (5)
 x - a wand of flame (75)
Scrolls
 c - a scroll of brand weapon
 d - 3 scrolls of fog
 k - 3 scrolls of teleportation
 m - 7 scrolls of enchant weapon
 p - 4 scrolls of fear
 s - 2 scrolls of silence
 v - 4 scrolls of amnesia
 D - 2 scrolls of torment
 G - 12 scrolls of identify
 H - 2 scrolls of blinking
Potions
 b - 2 potions of magic
 g - a potion of attraction
 n - 4 potions of mutation
 o - a potion of resistance
 A - 4 potions of brilliance
 B - 4 potions of flight
 E - 3 potions of ambrosia
Miscellaneous
 J - a condenser vane (inert)
 M - a phantom mirror (inert)


   Skills:
 * Level 15.5(20.1) Fighting
 - Level 7.4(12.1) Short Blades
 * Level 4.8(7.2) Armour
 * Level 5.3(8.8) Dodging
 - Level 1.9(4.4) Stealth
 - Level 6.3(8.8) Shields
 * Level 14.5(19.2) Spellcasting
 * Level 12.4(16.0) Summonings
 - Level 7.7(11.3) Necromancy
 - Level 6.4(8.9) Earth Magic


You had 15 spell levels left.
You knew the following spells:

 Your Spells              Type           Power      Damage    Failure   Level
a - Call Imp              Summ           100%       N/A       0%          2
b - Call Canine Familiar  Summ           79%        N/A       0%          3
c - Summon Guardian Gole  Hex/Summ       57%        N/A       1%          3
d - Summon Lightning Spi  Summ/Air       58%        N/A       1%          4
e - Borgnjor's Vile Clut  Necr/Erth      32%        N/A       1%          5
f - Dispel Undead         Necr           67%        3d23      1%          4
g - Momentum Strike       Conj/Tloc      46%        3d9       4%          2
h - Frozen Ramparts       Ice            48%        1d8       9%          3
i - Summon Forest         Summ/Tloc      28%        N/A       3%          5
j - Summon Mana Viper     Hex/Summ       57%        N/A       3%          5
k - Lesser Beckoning      Tloc           46%        N/A       4%          2

Your spell library contained the following spells:

 Spells                   Type           Power      Damage    Failure   Level
 Summon Small Mammal      Summ           100%       N/A       0%          1
 Kiss of Death            Conj/Necr      100%       2d13      1%          1
 Necrotise                Necr           100%       1d9       1%          1
 Animate Armour           Summ/Erth      100%       N/A       1%          4
 Agony                    Necr           67%        N/A       1%          5
 Summon Cactus Giant      Summ           39%        N/A       1%          6
 Freeze                   Ice            96%        1d10      2%          1
 Sting                    Tmut/Pois      96%        1d7       2%          1
 Lee's Rapid Deconstruct  Erth           30%        3d16*     2%          5
 Apportation              Tloc           46%        N/A       3%          1
 Anguish                  Hex/Necr       25%        N/A       3%          4
 Blink                    Tloc           46%        N/A       4%          2
 Poisonous Vapours        Pois/Air       48%        N/A       4%          2
 Leda's Liquefaction      Hex/Erth       22%        N/A       4%          4
 Hailstorm                Conj/Ice       23%        3d7       9%          3
 Volatile Blastmotes      Fire/Tloc      46%        2d13      9%          3
 Confusing Touch          Hex            23%        N/A       10%         3
 Dazzling Flash           Conj/Hex       46%        N/A       10%         3
 Portal Projectile        Hex/Tloc       46%        N/A       10%         3
 Olgreb's Toxic Radiance  Pois           24%        N/A       28%         4
 Fulminant Prism          Conj/Hex       11%        3d8       32%         4
 Iskenderun's Mystic Bla  Conj/Tloc      23%        2d6       32%         4
 Alistair's Intoxication  Tmut/Pois      16%        N/A       61%         5
 Blade Hands              Tmut           12%        N/A       61%         5
 Irradiate                Conj/Tmut      11%        3d15      63%         5
 Silence                  Hex/Air        11%        N/A       63%         5
 Borgnjor's Revivificati  Necr           33%        N/A       89%         8
 Eringya's Noxious Bog    Tmut/Pois      12%        N/A       99%         6
 Dragon Form              Tmut           12%        N/A       100%        7


Dungeon Overview and Level Annotations

Branches:
Dungeon (15/15)            Temple (1/1) D:6            Lair (3/5) D:9
  Swamp (0/4) Lair:2       Spider (2/4) Lair:2          Orc (2/2) D:10
    Elf (2/3) Orc:2        Vaults (0/5) D:13         Depths (0/4) D:15
  Sewer (visited)          Bailey (visited)           IceCv (visited)
Gauntlet (visited)

Altars:
Ashenzari
Fedhas
Hepliaklqana
Makhleb
Nemelex Xobeh
Okawaru
Qazlal
Ru
Sif Muna
Trog
Uskayaw
Wu Jian
Yredelemnul

Shops:
D:8 =[[   D:10 ?   D:13 [?:   Orc:2 (=[*

Annotations:
D:12 3 runed translucent doors
Spider:1 2 runed translucent doors, Aizul; Prykner's ghost, adept FoFi


Innate Abilities, Weirdness & Mutations

You are mostly covered in large bone plates. (SH +6)
When hurt, damage is shared between your health and your magic reserves.
You regenerate magic rapidly.
A meltable shield of frost defends you. (SH +0)
Your touch may irresistibly damage your foes and sap their willpower.
You have a pair of small antennae on your head.


Message History

Your mana viper bites the fire elemental!
The deep elf pyromancer points at you and mumbles some strange words.
The bolt of fire misses you. You block the fire elemental's attack.
Unknown command.
Unknown command.
Casting: Summon Mana Viper (mildly dangerous; 3% risk of failure)
Confirm with . or Enter, or press ? or * to list all spells.
Okay, then.
What are your orders? t - Shout!
Orders for allies: a - Attack new target. r - Retreat! s - Stop attacking. g - Guard the area. f - Follow me.
Anything else - Cancel.
Gang up on whom?
Press: ? - help, Dir - move target, f - deep elf pyromancer
Aim: a deep elf pyromancer, wielding a +0 short sword and wearing a +0 leather armour (heavily wounded) Attack!
The +0 antimagic halberd hits you from afar!!
* * * LOW HITPOINT WARNING * * *
You feel your power leaking away. You block the fire elemental's attack.
Your mana viper bites the fire elemental!
The fire elemental closely misses your mana viper.
The deep elf pyromancer hits you but does no damage.
The +0 antimagic halberd hits you from afar.
* * * LOW HITPOINT WARNING * * *
The fire elemental completely misses you.
Your mana viper bites the fire elemental!!
The fire elemental is destroyed!
The fire elemental disappears in a puff of smoke!
Unknown command.
Unknown command.
Okay, then.
As you read the scroll of fear, it crumbles to dust.
You assume a fearsome visage.
The deep elf pyromancer looks frightened!
The fire elemental is unaffected.
The +0 antimagic halberd is unaffected.
The +0 antimagic halberd hits you from afar!!
You die...

......##..# ##...##.......##.#...
.[....###.#####.###.......##.#.##
.....## ##......# #.......##.#.#
#...## ##.#♣.#### ##.....###.#.#
#.#..###...#.# ##...## #.#.#
#.#.#.#......## ##.## #.#.#
#.............### #.# #.#.#
#.).#........)>.### #.# #.#.##
#..)..[.........@.# #.# #.#.##
.#.##.........S.eE# #.# #.#..)
###.#.........§.(.####.# #.#### #
##..............)○.).# #.####
##.........[...##♣### #....# #
##..................######.....
###............................[.
.#.##...#...>...#####.......)....
#.......###...### #########...#


You could see a deep elf pyromancer (fleeing, ally target), a fire elemental
(summoned), a +0 antimagic halberd and a friendly mana viper (summoned).

Vanquished Creatures
  Agnes (D:15)
  A draconian knight (IceCv)
  A white draconian (IceCv)
  A deep elf death mage (Elf:1)
  4 vault guards
  4 hydras
  A radroach (Spider:1)
  3 boulder beetles
  3 centaur warriors
  A two-headed ogre (D:12)
  Sonja (Lair:2)
  A deep elf knight (Elf:1)
  7 skeletal warriors
  A pharaoh ant (Spider:1)
  4 deep elf archers (Elf:1)
  An obsidian statue (D:9)
  2 orc knights (Orc:2)
  A harpy (shapeshifter) (Elf:1)
  A wolf spider (Spider:1)
  9 deep elf zephyrmancers (Elf:1)
  11 deep elf pyromancers
  2 cyclopes
  An orc sorcerer (Orc:1)
  2 manticores (D:14)
  6 centaur zombies (D:13)
  A rust devil (Gauntlet)
  Joseph (D:8)
  A black mamba (Lair:2)
  An eye of devastation (Bailey)
  A cane toad (shapeshifter) (Elf:2)
  5 elephants (Lair:2)
  A water nymph (Lair:2)
  2 storm dragon simulacra (IceCv)
  2 demonic crawlers
  A kobold demonologist (D:9)
  6 komodo dragons
  A rime drake (Lair:2)
  3 golden dragon simulacra (IceCv)
  2 polar bears (Lair:3)
  8 trolls
  A meliai (Lair:2)
  3 blink frogs (Lair:2)
  A hornet (D:11)
  A raiju (Abyss:3)
  A flying skull (Gauntlet)
  4 slime creatures
  2 vampires
  A culicivora (Spider:2)
  2 shadows
  2 wraiths
  3 large abominations (Elf:1)
  23 yaks
  A ynoxinul (Gauntlet)
  3 basilisks
  A fire bat (D:12)
  2 steam dragons
  A redback (Spider:2)
  11 vampire mosquitoes
  5 wargs
  An acid dragon (D:11)
  9 water moccasins
  An ice beast (D:6)
  17 orc warriors
  A black bear (D:5)
  An ice dragon simulacrum (IceCv)
  3 ogres
  3 sky beasts
  3 boggarts (D:14)
  7 wolves
  3 centaurs
  4 bullfrogs
  4 kobold brigands
  3 elf zombies (Elf:1)
  A gnoll sergeant (D:10)
  2 scorpions
  5 wights
  5 killer bees
  3 lindwurm simulacra (IceCv)
  3 howler monkeys (D:8)
  2 jellies
  A gnoll bouda (D:4)
  7 orc priests
  2 iguanas
  15 orc wizards
  2 boggart zombies (D:13)
  10 gnolls
  5 adders
  A river rat (D:5)
  A shadow imp (D:6)
  2 white imps (D:7)
  An ufetubus (D:6)
  4 worms
  3 dart slugs (D:1)
  29 orcs
  3 bats (D:2)
  5 endoplasms
  4 giant cockroaches
  11 goblins
  5 hobgoblins
  8 jackals
  26 kobolds
  3 quokkas
  3 ball pythons (D:4)
  4 frilled lizards
  2 rats (D:2)
412 creatures vanquished.

Vanquished Creatures (collateral kills)
  Gastronok (D:10)
  A deep elf elementalist (Elf:1)
  An orc warlord (Orc:2)
  A minotaur (Gauntlet)
  3 white draconians (IceCv)
  Erolcha (D:11)
  A vault guard (D:13)
  4 dancing weapons (Elf:1)
  A two-headed ogre (D:11)
  An orc high priest (Orc:2)
  A deep elf knight (Elf:1)
  5 skeletal warriors
  A lindwurm (Lair:2)
  A steelbarb worm (Spider:2)
  2 orc knights
  3 deep elf pyromancers
  2 deep elf zephyrmancers (Elf:1)
  3 deep elf archers
  2 wolf spider zombies (D:13)
  An oklob plant (Lair:2)
  A large abomination (Abyss:2)
  A cyclops (D:9)
  A manticore (D:15)
  2 wolf spiders (Spider:1)
  3 orc sorcerers
  5 centaur zombies (D:13)
  6 elephants (Lair:2)
  A cane toad (Lair:2)
  A torpor snail (Spider:2)
  A storm dragon simulacrum (IceCv)
  2 unseen horrors (D:11)
  5 golden dragon simulacra (IceCv)
  7 trolls
  Prince Ribbit (D:5)
  3 flying skulls
  2 jumping spiders
  2 slime creatures
  A wyvern (D:10)
  A vampire (D:10)
  2 shadows
  2 wraiths
  12 yaks
  A vampire mosquito (D:13)
  2 redbacks (Spider:2)
  A naga (D:9)
  3 water moccasins
  13 orc warriors
  An ice beast (shapeshifter) (D:14)
  2 black bears (D:9)
  2 boggarts (D:14)
  3 ice dragon simulacra (IceCv)
  7 ogres
  6 centaurs
  3 wolves
  A kobold brigand (D:8)
  2 bullfrogs
  A scorpion (D:7)
  2 wights (D:7)
  3 killer bees
  2 lindwurm simulacra (IceCv)
  5 howler monkeys
  A hound (D:5)
  4 orc priests
  A sleepcap (D:6)
  An iron imp (Gauntlet)
  11 orc wizards
  A gnoll (D:6)
  2 adders
  A shadow imp (D:5)
  23 orcs
  A giant cockroach (D:1)
  5 goblins
  16 kobolds
  A ball python (Sewer)
  4 frilled lizards (D:1)
230 creatures vanquished.

Vanquished Creatures (others)
  Saint Roka (Orc:2)
  A white draconian (IceCv)
  3 vault guards (D:13)
  A death knight (D:15)
  2 tengu warriors
  A large abomination (Elf:1)
  2 deep elf knights
  8 skeletal warriors
  An elephant (Lair:2)
  A centaur zombie (D:13)
  A black mamba (Lair:2)
  A tengu conjurer (D:13)
  A komodo dragon (Lair:2)
  A raiju (Abyss:3)
  2 water elementals
  A culicivora (Spider:1)
  4 yaks (Lair:2)
  A ynoxinul (Abyss:3)
  2 vampire mosquitoes (D:15)
  3 orc warriors (Orc:2)
  A lindwurm simulacrum (IceCv)
  An orc priest (Orc:2)
  3 orcs
  7 starspawn tentacles (Abyss:3)
50 creatures vanquished.

Grand Total: 692 creatures vanquished

Notes
Turn   | Place    | Note
-------+----------+-------------------------------------------
     0 | D:1      | Amplified the Demonspawn Summoner began the quest for the
                  | Orb.
     0 | D:1      | Reached XP level 1. HP: 13/13 MP: 3/3
   189 | D:1      | Gained mutation: A meltable shield of frost defends you.
                  | (SH +0) [demonic ancestry]
   189 | D:1      | Reached XP level 2. HP: 20/20 MP: 1/5
   517 | D:1      | Reached skill level 1 in Fighting
   800 | D:1      | Reached XP level 3. HP: 21/26 MP: 3/6
   917 | D:1      | Found a faded altar of an unknown god.
  1582 | D:2      | Noticed Terence
  1637 | D:3      | Terence changed into Terence the jackal
  1637 | D:3      | Noticed Terence
  1645 | D:3      | Killed Terence the jackal
  1820 | D:3      | Learned a level 3 spell: Call Canine Familiar
  2569 | D:2      | Found an ornate altar of the Wu Jian Council.
  2833 | D:3      | Reached XP level 4. HP: 32/33 MP: 4/8
  2943 | D:3      | Learned a level 3 spell: Summon Guardian Golem
  3044 | D:4      | Reached skill level 2 in Fighting
  3100 | D:4      | Noticed an ogre
  3129 | D:5      | Entered Level 5 of the Dungeon
  3168 | D:5      | Reached XP level 5. HP: 23/39 MP: 6/9
  3297 | D:5      | Found a glowing drain.
  3323 | Sewer    | Entered a sewer
  3346 | Sewer    | Reached skill level 5 in Summonings
  3702 | Sewer    | a kobold brigand changed into a centaur
  3702 | Sewer    | Noticed a centaur
  3708 | Sewer    | Killed a centaur
  3709 | Sewer    | Reached skill level 3 in Fighting
  3869 | Sewer    | Gained mutation: You regenerate magic rapidly. [demonic
                  | ancestry]
  3869 | Sewer    | Reached XP level 6. HP: 33/47 MP: 11/11
  3980 | D:5      | Noticed Prince Ribbit
  4015 | D:5      | Gained mutation: You are weak. (Str -2) [potion of
                  | mutation]
  4015 | D:5      | Gained mutation: You are strong-willed. (Will+) [potion of
                  | mutation]
  4015 | D:5      | Lost mutation: You are strong-willed. (Will+) [potion of
                  | mutation]
  4017 | D:5      | Killed Prince Ribbit
  4158 | D:5      | Gained mutation: Your touch may inflict minor irresistible
                  | damage on your foes. [demonic ancestry]
  4158 | D:5      | Reached XP level 7. HP: 32/53 MP: 13/13
  4166 | D:5      | Reached skill level 4 in Fighting
  4988 | D:4      | Reached skill level 5 in Spellcasting
  5108 | D:4      | Reached skill level 5 in Fighting
  5211 | D:4      | Reached XP level 8. HP: 58/62 MP: 15/15
  5333 | D:4      | Found an iron altar of Okawaru.
  5333 | D:4      | Found a burning altar of Makhleb.
  5601 | D:6      | Learned a level 2 spell: Call Imp
  5620 | D:6      | Found a staircase to the Ecumenical Temple.
  5637 | D:6      | Identified the +3 demon whip of Dust {antimagic, +Blink rN+
                  | Str-3 Dex+3}
  5652 | Temple   | Entered the Ecumenical Temple
  5685 | Temple   | Became a worshipper of Ashenzari the Shackled
  6500 | D:6      | Reached skill level 6 in Fighting
  6809 | D:6      | Found a sparkling altar of Nemelex Xobeh.
  6809 | D:6      | Found a sacrificial altar of Ru.
  7092 | D:7      | Learned a level 4 spell: Summon Lightning Spire
  7233 | D:7      | Gained mutation: You are partially covered in large bone
                  | plates. (SH +4) [demonic ancestry]
  7233 | D:7      | Reached XP level 9. HP: 63/71 MP: 18/18
  7315 | D:7      | Reached skill level 7 in Fighting
  7761 | D:8      | Found Nidwuiwe's Antique Armour Emporium.
  7762 | D:8      | Found Zoibimiuc's Jewellery Emporium.
  7762 | D:8      | Found Xafafu's Armour Emporium.
  7780 | D:8      | Bought a runed buckler for 255 gold pieces
  7788 | D:8      | Noticed Joseph
  7882 | D:8      | Reached skill level 1 in Shields
  7918 | D:8      | Found a flagged portal.
  8004 | Bailey   | Entered a bailey
  8018 | Bailey   | Noticed an orc knight
  8022 | Bailey   | Identified the +10 plate armour of the Game Afoot {Rampage
                  | rF+}
  8135 | Bailey   | Reached * piety under Ashenzari
  8204 | Bailey   | an orc knight changed into an eye of devastation
  8204 | Bailey   | Noticed an eye of devastation
  8212 | Bailey   | Killed an eye of devastation
  8213 | Bailey   | Reached skill level 8 in Fighting
  8481 | D:8      | Killed Joseph
  8482 | D:8      | Gained mutation: Your touch may inflict irresistible damage
                  | on your foes. [demonic ancestry]
  8482 | D:8      | Reached XP level 10. HP: 64/81 MP: 21/21
  9096 | D:9      | Found a runed translucent door.
  9278 | D:9      | Found a runed translucent door.
  9289 | D:9      | Lost mutation: You are weak. (Str -2) [potion of mutation]
  9289 | D:9      | Gained mutation: You have a pair of small antennae on your
                  | head. [potion of mutation]
  9340 | D:9      | Noticed Maurice
  9375 | D:9      | Reached skill level 9 in Fighting
  9437 | D:9      | Noticed a cyclops
  9446 | D:9      | Found a runed translucent door.
  9489 | D:9      | Reached skill level 5 in Shields
  9602 | D:9      | Found a runed translucent door.
  9781 | D:9      | Reached ** piety under Ashenzari
  9879 | D:9      | Maurice changed into Maurice the naga
  9879 | D:9      | Noticed Maurice
  9945 | D:9      | Killed Maurice the naga
  9961 | D:9      | Found a staircase to the Lair.
 10446 | D:9      | Gained mutation: When hurt, damage is shared between your
                  | health and your magic reserves. [demonic ancestry]
 10446 | D:9      | Reached XP level 11. HP: 71/90 MP: 21/24
 10560 | D:10     | Entered Level 10 of the Dungeon
 10606 | D:8      | Bought an embroidered cloak for 255 gold pieces
 10611 | D:8      | Bought a fine chain mail for 323 gold pieces
 10611 | D:8      | Identified the +3 chain mail of Wu Jian's Hope {rF+ Int+6}
                  | (You bought it in a shop on level 8 of the Dungeon)
 10643 | D:9      | Reached skill level 10 in Fighting
 10682 | D:9      | Noticed an obsidian statue
 10753 | D:10     | Reached skill level 1 in Short Blades
 11027 | D:10     | Found Lowy's Magic Scroll Emporium.
 11104 | D:10     | Noticed Gastronok
 11123 | D:10     | Killed Gastronok
 11164 | D:10     | Identified the cursed +2 pair of boots of the Shackled
                  | Fallacy {Fly, Melee, Range} (You found it in a bailey)
 11241 | D:10     | Identified the +3 spear of Valiance {drain, Str+5 Int-3}
 11289 | D:10     | Found a staircase to the Orcish Mines.
 11411 | D:10     | Reached skill level 10 in Spellcasting
 11596 | D:11     | Noticed Erolcha
 11618 | D:10     | Reached *** piety under Ashenzari
 12121 | D:11     | Killed Erolcha
 12273 | D:11     | Noticed a two-headed ogre
 12280 | D:11     | Killed a two-headed ogre
 12281 | D:11     | Reached skill level 11 in Fighting
 12394 | D:12     | Reached **** piety under Ashenzari
 12416 | D:12     | Noticed a deep elf pyromancer
 12429 | D:12     | Killed a deep elf pyromancer
 12498 | D:12     | Found a runed translucent gate.
 12498 | D:12     | Found a runed translucent gate.
 12498 | D:12     | Found a runed translucent gate.
 12498 | D:12     | Noticed a green ugly thing
 12498 | D:12     | Noticed a green ugly thing
 12499 | D:12     | Noticed a red ugly thing
 12499 | D:12     | Noticed a cyan ugly thing
 12499 | D:12     | Noticed a brown ugly thing
 12499 | D:12     | Noticed a swamp dragon
 12499 | D:12     | Noticed a brown ugly thing
 12500 | D:12     | a dream sheep changed into a shock serpent
 12500 | D:12     | Noticed a shock serpent (glowing shapeshifter)
 12508 | D:12     | a swamp dragon changed into a lindwurm
 12508 | D:12     | Noticed a lindwurm (glowing shapeshifter)
 12509 | D:12     | a shock serpent changed into a manticore
 12510 | D:12     | a lindwurm changed into a culicivora
 12528 | D:12     | Noticed an anaconda
 12531 | D:12     | an anaconda changed into a bunyip
 12531 | D:12     | Noticed a bunyip (glowing shapeshifter)
 12577 | D:12     | a torpor snail changed into a death drake
 12577 | D:12     | Noticed a death drake (glowing shapeshifter)
 12578 | D:12     | a death drake changed into a shining eye
 12578 | D:12     | Noticed a shining eye (glowing shapeshifter)
 12580 | D:12     | a faun changed into a shining eye
 12580 | D:12     | Noticed a shining eye (glowing shapeshifter)
 12580 | D:12     | Noticed a glowing orange brain
 12585 | D:12     | a shining eye changed into a death drake
 12585 | D:12     | Noticed a death drake (glowing shapeshifter)
 12884 | D:12     | Noticed a two-headed ogre
 12893 | D:12     | Killed a two-headed ogre
 12894 | D:12     | Reached XP level 12. HP: 86/105 MP: 19/28
 12917 | D:12     | Noticed a boulder beetle
 12927 | D:12     | a boulder beetle changed into a fire bat
 13045 | D:12     | Noticed a boulder beetle
 13097 | D:12     | Killed a boulder beetle
 13098 | D:12     | Reached skill level 5 in Short Blades
 13378 | Lair:1   | Entered Level 1 of the Lair of Beasts
 13481 | Lair:1   | Found a gate leading to a gauntlet.
 13490 | Gauntlet | Entered a Gauntlet
 13490 | Gauntlet | Found a transporter.
 13497 | Gauntlet | Found a transporter.
 13499 | Gauntlet | Found a transporter.
 13505 | Gauntlet | Reached ***** piety under Ashenzari
 13522 | Gauntlet | Found a transporter.
 13524 | Gauntlet | Found a transporter.
 13535 | Gauntlet | Found a transporter.
 13535 | Gauntlet | Identified the +2 hat of Wocaolis {+Blink}
 13551 | Gauntlet | Found a transporter.
 13559 | Gauntlet | Identified the +5 pair of boots "Pediaz" {rF+++ rN+ Dex+6
                  | Slay-6}
 13559 | Gauntlet | Found the amulet of the Four Winds {rN+ Will+++ Clar}
 13561 | Gauntlet | Found a transporter.
 13569 | Gauntlet | Noticed an entropy weaver
 13571 | Gauntlet | Found a transporter.
 13572 | Gauntlet | Identified the +2 hat of Past Mistakes {rF++ rCorr Str-4}
 13585 | Gauntlet | Found a transporter.
 13594 | Gauntlet | Found a transporter.
 13595 | Gauntlet | Noticed a catoblepas
 13596 | Gauntlet | Found a transporter.
 13688 | Gauntlet | Found a transporter.
 13805 | Gauntlet | Identified the +4 trident of Drought {protect, *Rage
                  | Fragile rN+++ Dex+4}
 13805 | Gauntlet | Noticed a minotaur
 13805 | Gauntlet | Identified Xezejais's Catalogue of Skeletons and Blight
 13805 | Gauntlet | Identified the +0 leather armour "Nusmajox" {rF++ Will-
                  | Str+2}
 13845 | Gauntlet | Killed a minotaur
 13877 | Gauntlet | Identified the +0 ring mail of the Fifty Bones {Harm +Inv
                  | rCorr Dex-3}
 13914 | Lair:1   | Found a dark tunnel.
 14324 | Lair:1   | Reached skill level 10 in Summonings
 14338 | Lair:1   | Reached skill level 12 in Fighting
 15062 | Lair:2   | Gained mutation: Your touch may irresistibly damage your
                  | foes and sap their willpower. [demonic ancestry]
 15062 | Lair:2   | Reached XP level 13. HP: 119/119 MP: 28/32
 15275 | Lair:2   | Noticed Sonja
 15302 | Abyss:2  | Cast into level 2 of the Abyss (Sonja)
 15365 | Abyss:2  | Found a corrupted altar of Lugonu.
 15377 | Abyss:2  | Found a corrupted altar of Lugonu.
 15465 | Abyss:3  | Noticed a tentacled starspawn
 15580 | Lair:2   | Escaped the Abyss
 15585 | Lair:2   | Killed Sonja
 15625 | Lair:2   | Found a hole to the Spider Nest.
 15717 | Lair:2   | Identified Sif Muna's Reference Book on Bringing Forth
 15835 | Lair:2   | Found a staircase to the Swamp.
 16445 | Orc:1    | Entered Level 1 of the Orcish Mines
 16459 | Orc:1    | Reached ****** piety under Ashenzari
 17003 | Orc:2    | Entered Level 2 of the Orcish Mines
 17022 | Orc:2    | Noticed Saint Roka
 17381 | D:9      | Learned a level 5 spell: Borgnjor's Vile Clutch
 17539 | D:13     | Reached skill level 13 in Fighting
 17553 | D:13     | Reached skill level 1 in Necromancy
 17638 | D:13     | Reached skill level 1 in Earth Magic
 17748 | D:13     | Identified the +3 trident "Lomnulod" {spect, Dex+3}
 18285 | D:15     | Entered Level 15 of the Dungeon
 18351 | D:15     | Gained mutation: You are mostly covered in large bone
                  | plates. (SH +6) [demonic ancestry]
 18351 | D:15     | Reached XP level 14. HP: 73/133 MP: 16/36
 18529 | D:15     | Noticed Agnes
 18563 | D:15     | Killed Agnes
 18764 | D:15     | Reached skill level 5 in Necromancy
 19019 | D:15     | Reached skill level 14 in Fighting
 19022 | D:15     | Noticed a frost giant
 19126 | D:15     | Learned a level 4 spell: Dispel Undead
 19199 | D:14     | Identified the +1 rapier of Watchfulness {flame, *Corrode
                  | rPois rF+ Int+4}
 19290 | D:14     | Reached skill level 5 in Earth Magic
 19701 | D:13     | Found Bileoj's Armour Boutique.
 20073 | D:13     | Found Zoczy's Magic Scroll Boutique.
 20117 | D:13     | Found a gate to the Vaults.
 20169 | D:13     | Reached XP level 15. HP: 131/141 MP: 32/38
 20186 | D:13     | Found Wuduh's Book Shop.
 20859 | Orc:2    | Killed Saint Roka
 21007 | Orc:2    | Reached skill level 1 in Armour
 21173 | Orc:2    | Found a staircase to the Elven Halls.
 21607 | Orc:2    | Found Livua's Antique Weapon Emporium.
 21614 | Orc:2    | Bought an ichor-stained whip for 180 gold pieces
 21614 | Orc:2    | Identified the +4 whip of Strategic Superiority {flame,
                  | Stlth+} (You bought it in a shop on level 2 of the Orcish
                  | Mines)
 21631 | Orc:2    | Found Amaos's Antique Armour Emporium.
 21639 | Orc:2    | Bought an embroidered scarf for 280 gold pieces
 21657 | Orc:2    | Found Gorahop's General Store.
 21674 | Orc:2    | Found Gurev's Jewellery Emporium.
 21698 | Orc:2    | Bought a scroll of acquirement for 676 gold pieces
 21698 | Orc:2    | Acquired the +3 buckler of Grand Fun {rC+++ Dex-2 Stlth+}
 21951 | Elf:1    | Entered Level 1 of the Elven Halls
 22126 | Elf:1    | Learned a level 2 spell: Momentum Strike
 22150 | Elf:1    | Learned a level 3 spell: Frozen Ramparts
 22251 | Elf:1    | Reached skill level 15 in Fighting
 23526 | Elf:1    | Identified the Atlas of Lamentation
 23978 | Spider:1 | Entered Level 1 of the Spider Nest
 24028 | Spider:1 | Found a frozen archway.
 24048 | IceCv    | Entered an ice cave
 24432 | IceCv    | Noticed a white draconian knight
 24432 | IceCv    | Identified the ring "Turout" {Fly rCorr Dex+2}
 24522 | IceCv    | Killed a white draconian knight
 24702 | IceCv    | Identified the ring of Ugozimue {Ice *Slow Str+2 SInv}
 24830 | IceCv    | Reached XP level 16. HP: 147/147 MP: 31/38
 25017 | IceCv    | Reached skill level 5 in Dodging
 25558 | D:13     | Bought a book of the Wilderness for 608 gold pieces
 25564 | D:13     | Learned a level 5 spell: Summon Forest
 25745 | Spider:1 | Found a large runed translucent door.
 25897 | Spider:1 | Found a large runed translucent door.
 25897 | Spider:1 | Noticed Prykner's ghost (adept FoFi)
 25938 | Spider:1 | Noticed Aizul
 26444 | Spider:1 | Learned a level 5 spell: Summon Mana Viper
 26804 | Elf:1    | Learned a level 2 spell: Lesser Beckoning
 26842 | Elf:1    | Mangled by a +0 antimagic halberd

Illustrated notes

Levels and vault maps discovered:
D:1:      nzn_arrival_depleted_hourglass, layout_basic,
          shapermc_ecumenical_altar_mp_vishouse, lexackson_kobold_supper
D:2:      layout_basic, basic_altar, uniq_terence
D:3:      layout_basic
D:4:      layout_rooms, gammafunk_temple_overflow_wave
D:5:      layout_gridville, cheibrodos_sewer_entry_sluice, uniq_prince_ribbit1
D:6:      layout_loops_ring, mainiacjoe_overflow_divided_tiny,
          minmay_temple_entry_gardened_gates,
          nicolae_ossuary_entry_false_entrances, minmay_misc_feat_ornament,
          hangedman_decor_growths, chequers_mini_garden
D:7:      layout_cave_pools
D:8:      layout_loops_ring, enter_bailey_3, nicolae_shop_distant_corner_stores,
          uniq_joseph
D:9:      layout_roguey, due_lair_maze_entry_diamond,
          minmay_statue_crystal_thing, uniq_maurice
D:10:     layout_loops_ring, minmay_orc_entry_guard_dogs, serial_shops, shop,
          uniq_gastronok
D:11:     layout_basic, kennysheep_generic_room_9, uniq_erolcha
D:12:     layout_stronghold, ploomutoo_gammafunk_ghost_potion_laboratory
D:13:     layout_rooms, erik_vaults_2, serial_undead, serial_undead_f,
          serial_undead_d, serial_undead_c, serial_undead_d, serial_undead_e,
          serial_undead_a, serial_undead_b, serial_shops,
          nicolae_shop_behind_doors, nicolae_lakefront_shop,
          kennysheep_little_box, lemuel_nasty_fountain
D:14:     layout_cross, kennysheep_generic_room_10
D:15:     grunt_enter_depths_snipers, layout_irregular_city, uniq_nessos,
          uniq_agnes
Temple:   compressed_dpeg_circular_temple
Lair:1:   layout_concentric_octagons, gauntlet_entry_generic,
          nicolae_volcano_entry_lava_flow, infiniplex_staircase_pool_2,
          grunt_megastairs_2
Lair:2:   layout_misc_corridors, minmay_swamp_entry_worms,
          hellmonk_spider_entry_not_the_bees, minmay_lair_oklob_items,
          uniq_sonja
Lair:3:   layout_layer_cave, kilobyte_rumbling_trees
Spider:1: layout_cave_pods, portal_ice_cave_entry_pillars_three,
          ebering_ghost_disaster_area, nicolae_spider_swamp_cousins, uniq_aizul
Spider:2: layout_spider_delve, hangedman_stitches_earthworm
Orc:1:    layout_caves
Orc:2:    grunt_orc_cross, layout_caves, uniq_saint_roka
Elf:1:    eino_elf_arrival_customs, layout_loops_ring, minmay_elf_necromancy,
          serial_sigils_hangedman_snap
Elf:2:    nicolae_elf_blades_splatter_lattice [nooodl_blade_entry_preview],
          layout_rooms, serial_shops, nicolae_lakefront_shop, st_stairs_9,
          nicolae_elf_big_sculpture_2, elves_outpost_lemuel

Skill      XL: |  1  2  3  4  5  6  7  8  9 10 11 12 13 14 15 16 |
---------------+-------------------------------------------------+-----
Fighting       | 1 2 3 5 6 8 9 11 12 13 14 15 | 15.5
Spellcasting   | 3 4 5 6 7 9 10 11 12 13 14 | 14.5
Summonings     | 5 6 7 8 9 10 11 12 | 12.4
Shields        | 3 5 6 |  6.3
Short Blades   | 4 6 7 |  7.4
Necromancy     | 3 7 |  7.7
Earth Magic    | 3 6 |  6.4
Dodging        | 4 5 |  5.3
Armour         | 4 |  4.8
Stealth        | |  1.9

Action                     |  1- 3 |  4- 6 |  7- 9 | 10-12 | 13-15 | 16-18 || total
---------------------------+-------+-------+-------+-------+-------+-------++-------
  Melee: Unarmed           |    13 |       |       |       |       |       ||    13
         Short sword       |   180 |   132 |    49 |       |       |       ||   361
         Punch             |     1 |     1 |     2 |       |       |       ||     4
         Dagger            |       |       |   271 |   989 |  1712 |   157 ||  3129
         Touch             |       |       |    40 |       |       |       ||    40
  Throw: Throwing net      |     1 |       |       |       |       |       ||     1
         Dart              |       |     2 |     3 |     3 |       |       ||     8
   Cast: Summon Small Mamm |    15 |     6 |     7 |       |       |       ||    28
         Call Canine Famil |     1 |    10 |    23 |    51 |   111 |     9 ||   205
         Call Imp          |       |       |    12 |    31 |     3 |       ||    46
         Summon Lightning  |       |       |       |     6 |    91 |     9 ||   106
         Summon Guardian G |       |       |       |     4 |   104 |     7 ||   115
         Summon Mana Viper |       |       |       |       |       |     4 ||     4
         Summon Forest     |       |       |       |       |       |     3 ||     3
         Frozen Ramparts   |       |       |       |       |       |     2 ||     2
         Momentum Strike   |       |       |       |       |       |     1 ||     1
 Invoke: Curse Item        |       |       |     2 |     7 |     3 |     1 ||    13
         Shatter the Chain |       |       |       |     1 |     2 |       ||     3
  Evoke: Wand              |     3 |     3 |    14 |    32 |    21 |     4 ||    77
         Phantom mirror    |       |       |       |       |     5 |       ||     5
         Condenser vane    |       |       |       |       |     4 |       ||     4
    Use: Scroll            |     6 |     6 |     8 |     5 |    16 |     1 ||    42
         Potion            |     7 |     5 |     6 |     7 |    10 |     2 ||    37
   Stab: Sleeping          |     5 |     3 |     4 |     2 |     8 |       ||    22
         Distracted        |     1 |       |     4 |    15 |    29 |     3 ||    52
         Paralysed         |       |       |    10 |     8 |       |       ||    18
 Armour: Robe              |    45 |    16 |    51 |    40 |       |       ||   152
         Skin              |     8 |       |       |       |       |       ||     8
         Troll leather arm |       |       |       |    87 |   166 |    14 ||   267
  Dodge: Dodged            |   108 |    90 |   219 |   520 |   599 |    96 ||  1632
  Block: Other             |    43 |    26 |    56 |       |       |       ||   125
         Buckler           |       |       |    57 |   755 |  1064 |   177 ||  2053
         Reflection        |       |       |     7 |     8 |    27 |       ||    42
